AoeStats
← Koti

African Clearing

510556176Analyzed
2v2 RM · 9h ago on Oct 1, 2026· 46m 46s· 4 players
Game mode
Random Map
Map size
Medium (4 player)
Population
200
Speed
Normal
Resources
Standard
Victory
Conquest
Starting age
Dark Age
Ending age
Imperial Age
RankedLock teamsTeams togetherTeam positionsShared explorationLock speedFull tech treeHidden civsTurbo modeCheats
Victory
Defeat
🇫🇷 Sicilians · France
1573
+12
🇹🇷 Cumans · Türkiye
1557
+12
🇨🇿 Goths · Czechia
1507
-13
🇨🇱 Hindustanis · Chile
1443
-11
Sir Godua
3:23 Loom
12:56 Feudal Age
13:40 Man-at-Arms
14:15 Double-Bit Axe
18:59 Scale Mail Armor
21:26 Forging
27:40 Wheelbarrow
31:14 Castle Age
29:22 Gold Mining
32:03 Stone Mining
31:38 Long Swordsman
32:19 Squires
32:40 Chain Mail Armor
35:20 Fletching
36:20 Town Watch
42:27 Hand Cart
43:39 Horse Collar
44:42 Pikeman
45:58 Heavy Plow
46:19 Bodkin Arrow
AP10
13:05 Feudal Age
14:02 Double-Bit Axe
15:45 Loom
18:10 Castle Age
18:58 Scale Barding Armor
19:15 Bloodlines
33:24 Scale Mail Armor
37:34 Wheelbarrow
36:44 Loom
37:19 Loom
37:16 Horse Collar
38:12 Chain Mail Armor
39:25 Forging
40:02 Town Watch
42:51 Chain Barding Armor
43:07 Iron Casting
44:42 Heavy Plow
44:53 Bow Saw
46:54 Hand Cart
Koti
5:10 Loom
12:03 Feudal Age
13:09 Double-Bit Axe
22:02 Arson
26:40 Horse Collar
28:03 Wheelbarrow
32:56 Castle Age
31:37 Bloodlines
34:00 Bow Saw
33:50 Heavy Plow
34:49 Man-at-Arms
35:55 Squires
35:56 Scale Mail Armor
37:20 Hand Cart
37:57 Long Swordsman
39:52 Gambesons
40:23 Chain Mail Armor
40:19 Forging
40:14 Gold Mining
42:32 First Crusade
42:56 Iron Casting
46:26 Imperial Age
46:13 Fletching
47:49 Hoardings
LonzoWall
4:09 Loom
12:09 Feudal Age
13:00 Double-Bit Axe
16:34 Fletching
22:58 Castle Age
21:55 Horse Collar
23:02 Crossbowman
23:39 Bodkin Arrow
28:24 Town Watch
34:17 Wheelbarrow
40:05 Bloodlines
41:51 Bow Saw
47:43 Imperial Age
46:50 Forging
46:58 Scale Barding Armor
47:04 Heavy Plow
Connection lost

Rejoining the realm…

Still unreachable

The connection could not be restored.

Session expired

The server has moved on; the page needs a fresh start.